 Dungeon Crawl Stone Soup version 0.30-a0-122-g2a1322497e (webtiles) character file.

Game seed: 7341319452601671957

21 GandalfHyperdrive the Insei (level 2, -1/21 HPs)
             Began as a Merfolk Transmuter on Sept 16, 2022.
             Slain by a hobgoblin (5 damage)
             ... on level 1 of the Dungeon.
             The game lasted 00:06:58 (975 turns).

GandalfHyperdrive the Insei (Merfolk Transmuter)     Turns: 975, Time: 00:06:58

Health: -1/21      AC:  2    Str: 10    XL:     2   Next: 87%
Magic:  4/5        EV: 13    Int: 12    God:
Gold:   16         SH:  0    Dex: 14    Spells: 4/5 levels left

rFire   . . .      SeeInvis .      - Unarmed
rCold   . . .      Faith    .    (no shield)
rNeg    . . .      Spirit   .    a - +0 robe
rPois   .          Reflect  .    (helmet currently unavailable)
rElec   .          Harm     .    (no cloak)
rCorr   .          Rampage  .    (no gloves)
Will    .....                    (boots currently unavailable)
Stlth   +.........               (no amulet)
HPRegen 0.07/turn                (no ring)
MPRegen 0.09/turn                (no ring)

@: appendages
A: horns 2, (nimble swimmer 2), mertail
a: End Transformation


You were on level 1 of the Dungeon.
You had temporarily grown beastly horns.
You visited 1 branch of the dungeon, and saw 1 of its levels.

You collected 16 gold pieces.

Inventory:

Armour
 a - a +0 robe (worn)
Scrolls
 c - a scroll of teleportation {unknown}
Potions
 b - a potion of lignification
 d - a potion of curing {unknown}


   Skills:
 + Level 1.2 Fighting
 + Level 3.2 Dodging
 + Level 3.7 Unarmed Combat
 + Level 2.0 Spellcasting
 + Level 3.2 Transmutations


You had 4 spell levels left.
You knew the following spells:

 Your Spells              Type           Power      Damage    Failure   Level
a - Beastly Appendage     Tmut           16%        N/A       8%          1

Your spell library contained the following spells:

 Spells                   Type           Power      Damage    Failure   Level
 Wereblood                Tmut           8%         N/A       11%         2
 Spider Form              Tmut/Pois      5%         N/A       38%         3
 Ice Form                 Ice/Tmut       5%         N/A       80%         4


Dungeon Overview and Level Annotations

Branches:
Dungeon (1/15)

Altars:


Innate Abilities, Weirdness & Mutations

You have temporarily grown beastly horns.
((You are very nimble when in or above water. (Stealth+, EV+, Speed+++)))
Your lower body shifts to a powerful aquatic tail in water.


Message History

The bat misses you. The hobgoblin closely misses you.
The giant cockroach bites you.
* * * LOW HITPOINT WARNING * * *
The bat barely misses you. The hobgoblin closely misses you.
You hit the bat.
You kill the bat!
The giant cockroach barely misses you. The hobgoblin closely misses you.
The hobgoblin attacks as you move away! The hobgoblin hits you.
* * * LOW HITPOINT WARNING * * *
The giant cockroach closely misses you.
Your magical contamination has completely faded away.
The giant cockroach attacks as you move away!
The giant cockroach barely misses you.
The giant cockroach attacks as you move away!
The giant cockroach bites you but does no damage.
The giant cockroach bites you but does no damage.
Casting: Beastly Appendage (safe; 8% risk of failure)
Confirm with . or Enter, or press ? or * to list all spells.
You grow a pair of large bovine horns.
The giant cockroach closely misses you.
You hit the giant cockroach but do no damage.
You punch the giant cockroach.
The giant cockroach is severely wounded.
The giant cockroach closely misses you.
You hit the giant cockroach but do no damage.
Your headbutt misses the giant cockroach.
The giant cockroach is severely wounded.
The giant cockroach barely misses you.
You hit the giant cockroach.
You kill the giant cockroach!
You hit the hobgoblin.
The hobgoblin is almost dead.
The hobgoblin barely misses you.
You closely miss the hobgoblin.
The hobgoblin is almost dead.
The hobgoblin hits you.
* * * LOW HITPOINT WARNING * * *
You closely miss the hobgoblin.
The hobgoblin is almost dead.
The hobgoblin hits you.
You die...

.##.# #. #.##.#.#.# ...#
# ..# #.###.##.#
.##.#.##.# ##.###.##.#
.# #.# #.###...##.#..#
.# #.# #.##.....#..#.##
##
####.###..........###.##
#. .........##......##
##.# #.
†..............##.###.##
#.
...............g@..#.##
#.
.###.##..#.######.#.##
#. .# #.##..#.# #.#># #.
.# #.##..#.# #.#.# #. .#
#$##..#.# #.#.# #. .#
..!...#.# #.#.# #. ..
..##..#.# #.#.# ###)
####..#.#
..#.##########...
.##..............


You could see a hobgoblin.

Vanquished Creatures
  A dart slug (D:1)
  A bat (D:1)
  3 endoplasms (D:1)
  A giant cockroach (D:1)
  A goblin (D:1)
  4 hobgoblins (D:1)
  2 quokkas (D:1)
  A frilled lizard (D:1)
  A kobold (D:1)
  A rat (D:1)
16 creatures vanquished.

Notes
Turn   | Place    | Note
-------+----------+-------------------------------------------
     0 | D:1      | GandalfHyperdrive the Merfolk Transmuter began the quest
                  | for the Orb.
     0 | D:1      | Reached XP level 1. HP: 15/15 MP: 3/3
   514 | D:1      | Reached XP level 2. HP: 7/21 MP: 3/5
   975 | D:1      | Slain by a hobgoblin

Illustrated notes

Levels and vault maps discovered:
D:1:      erik_arrival_triangle_small, layout_loops_ring

Skill      XL: |  1  2 |
---------------+-------+-----
Dodging        | 3 |  3.2
Transmutations | 3 |  3.2
Fighting       | |  1.2
Unarmed Combat | |  3.7
Spellcasting   | |  2.0

Action                   || total
-------------------------++-------
Melee: Unarmed           ||    59
       Headbutt          ||     3
       Punch             ||     1
 Cast: Beastly Appendage ||    13
Armor: Robe              ||    13
Dodge: Dodged            ||    79

Table legend: (Time is in decaauts)
 A = Elapsed time spent in this place.
 B = Non-inter-level travel time spent in this place.
 C = Inter-level travel time spent in this place.
 D = Time resting spent in this place.
 E = Time spent auto-exploring this place.
 F = Levels seen in this place.
 G = Mean time per level.
                   A        B        C        D        E       F      G
               +--------+--------+--------+--------+--------+-----+--------+
         Total |    971 |    968 |      3 |     15 |    689 |   1 |  971.0 |
       Dungeon |    971 |    968 |      3 |     15 |    689 |   1 |  971.0 |
               +--------+--------+--------+--------+--------+-----+--------+

Top non-repeatable levels by time:
     D:1: 971 daAuts
